 Dungeon Crawl Stone Soup version 0.19.1 (webtiles) character file.

198 SQman the Skirmisher (level 5, 0/47 HPs)
             Began as a Minotaur Wanderer on Dec 15, 2016.
             Was an Initiate of the Shining One.
             Killed from afar by an orc wizard (8 damage)
             ... with a magic dart
             ... on level 4 of the Dungeon on Dec 16, 2016.
             The game lasted 00:19:17 (2515 turns).

SQman the Skirmisher (Minotaur Wanderer)            Turns: 2515, Time: 00:19:17

Health: 0/47       AC:  7    Str: 13 (16) XL:     5   Next: 47%
Magic:  4/4        EV:  8    Int: 11 (12) God:    the Shining One [......]
Gold:   89         SH:  7    Dex:  6 (8)  Spells: 1 memorised, 3 levels left

rFire  . . .     SeeInvis .     y - +0 trident
rCold  + . .     Gourm    .     m - +2 ring mail {rN+}
rNeg   + . .     Faith    .     a - +0 shield
rPois  .         Spirit   .     (helmet restricted)
rElec  .         Reflect  .     (no cloak)
rCorr  .         Harm     .     (no gloves)
MR     .....                    (no boots)
Stlth  +.........               (no amulet)
                                (no ring)
                                t - ring of protection from cold

@: glowing
A: retaliatory headbutt, horns 2
a: Renounce Religion


You were on level 4 of the Dungeon.
You worshipped the Shining One.
The Shining One was noncommittal.
You were not hungry.

You visited 1 branch of the dungeon, and saw 4 of its levels.

You collected 89 gold pieces.

Inventory:

Hand Weapons
 c - a +0 quarterstaff
 e - a +0 club
 f - a +0 dagger
 y - a +0 trident (weapon)
Missiles
 q - 33 stones (quivered)
Armour
 a - a +0 shield (worn)
 d - a +0 robe
 j - a +0 leather armour
 m - a +2 ring mail of positive energy (worn)
 r - a +0 scale mail
 u - a +0 chain mail
 v - a +0 ring mail
Jewellery
 s - an uncursed ring of magical power
 t - a ring of protection from cold (left hand)
Scrolls
 w - a scroll of remove curse
 x - a scroll of teleportation
Potions
 n - a potion of haste
 o - 2 potions of cure mutation
Books
 h - a book of Changes

   Spells                             Type                      Level
   a - Beastly Appendage              Transmutation                1
   b - Sticks to Snakes               Transmutation                2
   c - Spider Form                    Transmutation/Poison         3
   d - Ice Form                       Ice/Transmutation            4
   e - Blade Hands                    Transmutation                5
 l - a book of Changes

   Spells                             Type                      Level
   a - Beastly Appendage              Transmutation                1
   b - Sticks to Snakes               Transmutation                2
   c - Spider Form                    Transmutation/Poison         3
   d - Ice Form                       Ice/Transmutation            4
   e - Blade Hands                    Transmutation                5
Comestibles
 g - 4 bread rations
 i - 2 meat rations
 k - a slice of pizza
 p - a beef jerky
 A - 4 chunks of flesh


   Skills:
 + Level 4.8 Fighting
   Level 1.2 Long Blades
 + Level 0.2(2.6) Maces & Flails
 + Level 0.2(2.6) Polearms
 + Level 4.3(4.4) Staves
 + Level 2.6 Armour
 + Level 1.3 Dodging
 + Level 1.9 Stealth
 + Level 2.9 Shields


You had 3 spell levels left.
You knew the following spells:

 Your Spells              Type           Power        Failure   Level  Hunger
a - Beastly Appendage     Tmut           #.....       100%        1    ##.....


Dungeon Overview and Level Annotations

Branches:
Dungeon (4/15)
 Temple: D:4-7

Altars:
Elyvilon
Yredelemnul
The Shining One


Innate Abilities, Weirdness & Mutations

You reflexively headbutt those who attack you in melee.
You have a pair of horns on your head.


Message History

You hit the orc wizard but do no damage.
The orc wizard is heavily wounded.
The orc wizard gestures wildly while chanting.
The orc priest barely misses you. You furiously retaliate!
You headbutt the orc priest. The orc wizard misses you.
You closely miss the orc wizard.
The orc wizard is heavily wounded.
The orc priest hits you but does no damage.
The orc wizard completely misses you. You furiously retaliate!
You headbutt the orc wizard. You barely miss the orc wizard.
The orc wizard is almost dead.
The orc wizard hits you but does no damage.
The orc priest hits you but does no damage.
The orc wizard hits you but does no damage.
You hit the orc wizard but do no damage.
The orc wizard is almost dead.
The orc wizard gestures at you while chanting.
The magic dart hits you!
You die...

.. #.#. ...#.#.###
#.#.#.#.. #
##.....#.# #.#
.......#.# #....
#......#.#.#.#.#
#$..>.o#.#......
#.....o@......#
#.....)#.#<...#
.......#......#
##.....#......#
.......#.######
########.#########
#.........#
#########.#
#.....#.#


You could see an orc priest and an orc wizard.

Vanquished Creatures
  The ghost of asegelite the Vexing, an amateur SpAM (D:3)
  Natasha (thrice) (D:3)
  An adder (D:2)
  2 dart slugs
  3 leopard geckos (D:1)
  2 orcs (D:4)
  4 bats
  2 giant cockroaches
  6 goblins
  4 hobgoblins (D:1)
  4 jackals (D:2)
  4 frilled lizards
  4 kobolds
  4 rats
44 creatures vanquished.

Notes
Turn   | Place    | Note
-------+----------+-------------------------------------------
     0 | D:1      | SQman the Minotaur Wanderer began the quest for the Orb.
     0 | D:1      | SQman set off with: a +0 shield, a potion of curing, a +0 quarterstaff, a +0 robe, a +0 club, a +0 dagger, a bread ration
     0 | D:1      | Reached XP level 1. HP: 19/19 MP: 0/0
   229 | D:1      | Reached XP level 2. HP: 24/27 MP: 1/1
  1157 | D:2      | Reached XP level 3. HP: 29/33 MP: 2/2
  1395 | D:2      | Reached skill level 1 in Armour
  1685 | D:3      | Noticed asegelite's ghost (amateur SpAM)
  1702 | D:3      | Killed asegelite's ghost
  1702 | D:3      | Reached skill level 1 in Dodging
  1702 | D:3      | Reached XP level 4. HP: 28/41 MP: 3/3
  1792 | D:3      | Noticed Natasha
  1805 | D:3      | Killed Natasha
  1805 | D:3      | Reached XP level 5. HP: 30/47 MP: 4/4
  1823 | D:3      | Noticed Natasha
  1831 | D:3      | Killed Natasha
  1852 | D:3      | Found a white marble altar of Elyvilon.
  1864 | D:3      | Became a worshipper of Elyvilon the Healer
  1984 | D:3      | Learned a level 1 spell: Beastly Appendage
  2281 | D:3      | Found a glowing golden altar of the Shining One.
  2283 | D:3      | Noticed an angel
  2298 | D:3      | Found a basalt altar of Yredelemnul.
  2300 | D:3      | Noticed a profane servitor
  2319 | D:3      | Fell from the grace of Elyvilon
  2319 | D:3      | Became a worshipper of the Shining One
  2375 | D:3      | Noticed Natasha
  2388 | D:3      | Killed Natasha
  2515 | D:4      | Killed from afar by an orc wizard

Skill      XL: |  1  2  3  4  5 |
---------------+----------------+-----
Fighting       | 4 |  4.8
Armour         | 2 |  2.6
Staves         | 3 4 |  4.3
Dodging        | 1 |  1.3
Long Blades    | |  1.2
Maces & Flails | |  0.2
Polearms       | |  0.2
Stealth        | |  1.9
Shields        | |  2.9

Action                   |  1- 3 |  4- 6 || total
-------------------------+-------+-------++-------
Melee: Quarterstaff      |    78 |    26 ||   104
       Club              |     9 |       ||     9
       Headbutt          |     9 |     6 ||    15
       Trident           |       |    33 ||    33
 Cast: Beastly Appendage |       |     1 ||     1
  Use: Scroll            |    12 |     2 ||    14
       Potion            |       |     4 ||     4
  Eat: Meat ration       |     1 |       ||     1
       Chunk             |     1 |       ||     1
Armor: Leather armour    |     3 |       ||     3
       Ring mail         |    33 |    28 ||    61
Dodge: Dodged            |    44 |    34 ||    78
Block: Shield            |     4 |    11 ||    15
